 Dungeon Crawl Stone Soup version 0.25-a0-576-g50b708a4c4 (webtiles) character file.

Game seed: 14426900025117285736, levelgen mode: classic

169714 EnegeticOcto the Pandemonic (level 16, -2/148 HPs)
             Began as a Deep Dwarf Fighter on Mar 1, 2020.
             Was a High Priest of Makhleb.
             Splashed by an acid blob's acid (3 damage)
             ... on level 4 of the Pits of Slime.
             The game lasted 00:16:34 (14044 turns).

EnegeticOcto the Pandemonic (Deep Dwarf Fighter)   Turns: 14044, Time: 00:16:34

Health: -2/148     AC: 14    Str: 30    XL:     16   Next: 78%
Magic:  1/8        EV:  8    Int: 10    God:    Makhleb [*****.]
Gold:   568        SH: 16    Dex: 12    Spells: 15/15 levels left

rFire    + . .     SeeInvis +   a - +6 broad axe (elec)
rCold    . . .     Gourm    .   K - +2 kite shield
rNeg     + + .     Faith    .   C - +5 chain mail of Liff {+Inv rPois Regen+}
rPois    +         Spirit   .   w - +0 helmet
rElec    .         Reflect  .   F - +1 cloak {+Inv}
rCorr    +         Harm     .   c - +0 pair of gloves of the Bulwark {Str+4 SInv}
MR       +++..                  g - +1 pair of boots "Irghaon" {rPois rN+ rCorr}
Stlth    ..........             (no amulet)
HPRegen  0.00/turn              G - ring of protection from magic
MPRegen  0.11/turn              h - ring of protection from fire

@: corroded, very slightly contaminated, non-regenerating, invisible
A: damage resistance, heal wounds, rugged brown scales 1, blurry vision 1,
deformed body, frail 1, negative energy resistance 1, sense surroundings 2,
poison resistance, no regeneration
}: 2/15 runes: serpentine, barnacled
a: Heal Wounds, Minor Destruction, Lesser Servant of Makhleb, Major Destruction,
Greater Servant of Makhleb, Renounce Religion


You were on level 4 of the Pits of Slime.
You worshipped Makhleb.
Makhleb was extremely pleased with you.
You were completely stuffed.

You visited 6 branches of the dungeon, and saw 33 of its levels.
You also visited: Bailey.

You collected 1294 gold pieces.
You spent 726 gold pieces at shops.

Inventory:

Hand Weapons
 a - a +6 broad axe of electrocution (weapon)
Armour
 c - the +0 pair of gloves of the Bulwark (worn) {Str+4 SInv}
   (You acquired it on level 15 of the Dungeon)

   It affects your strength (+4).
   It lets you see invisible.
   If you remove this armour, your AC will decrease by 1 (14 -> 13).
 g - the +1 pair of boots "Irghaon" (worn) {rPois rN+ rCorr}
   (You acquired it on level 10 of the Dungeon)

   It protects you from poison.
   It protects you from negative energy.
   It provides partial protection from all sources of acid and corrosion.
   If you remove this armour, your AC will decrease by 2 (14 -> 12).
 w - a +0 helmet (worn)
 C - the +5 chain mail of Liff (worn) {+Inv rPois Regen+}
   (You found it on level 12 of the Dungeon)

   It protects you from poison.
   It lets you turn invisible.
   It increases your rate of regeneration.
   If you remove this armour, your AC will decrease by 13 (14 -> 1).
 F - a +1 cloak of invisibility (worn)
 K - a +2 kite shield (worn)
Jewellery
 h - a ring of protection from fire (right hand)
 s - an uncursed ring of see invisible
 G - a ring of protection from magic (left hand)
Wands
 u - a wand of polymorph (33)
 v - a wand of digging (2) {@v2}
 E - a wand of paralysis (11)
 O - a wand of iceblast (12)
Scrolls
 d - 2 scrolls of fear
 i - 3 scrolls of fog
 o - 11 scrolls of remove curse {@r6}
 p - 4 scrolls of identify {@r1}
 q - 2 scrolls of enchant armour
 r - 2 scrolls of blinking {@r3}
 y - 4 scrolls of teleportation {@r2}
 z - 2 scrolls of immolation {@r4}
 D - a scroll of holy word
 I - a scroll of magic mapping {@r5}
 N - a scroll of vulnerability
Potions
 b - 7 potions of invisibility
 f - 5 potions of curing {@q1}
 j - 3 potions of stabbing {@q5}
 k - 4 potions of might {@q3}
 l - a potion of degeneration
 m - 2 potions of resistance {@q6}
 n - 2 potions of haste {@q4}
 t - 3 potions of lignification {@q7}
 x - 3 potions of flight
 A - 4 potions of cancellation
 B - 2 potions of mutation
 H - 10 potions of heal wounds {@q2}
 J - a potion of berserk rage
 M - 2 potions of ambrosia
Comestibles
 e - 39 rations


   Skills:
 * Level 14.5 Fighting
 * Level 16.8 Axes
 + Level 12.5 Armour
 + Level 12.5 Shields
 * Level 17.6 Invocations


You had 15 spell levels left.
You didn't know any spells.
Your spell library was empty.

Dungeon Overview and Level Annotations

Branches:
Dungeon (15/15)            Temple (1/1) D:7            Lair (5/6) D:8
 Shoals (4/4) Lair:2        Snake (4/4) Lair:3        Slime (4/5) Lair:5
    Orc (0/2) D:11         Vaults (0/5) D:14         Depths (0/5) D:15
 Bailey (visited)

Altars:
Ashenzari
Cheibriados
Dithmenos
Elyvilon
Fedhas
Gozag
Hepliaklqana
Kikubaaqudgha
Makhleb
Nemelex Xobeh
Okawaru
Qazlal
Ru
Sif Muna
Trog
Uskayaw
Vehumet
Wu Jian
Xom
Yredelemnul
Zin
The Shining One
Jiyva

Shops:
D:13 **   Shoals:2 =   Shoals:3 %   Snake:1 *   Snake:4 ==}

Annotations:
D:6 exclusion: oklob plant
D:13 exclusion: orange crystal statue
Lair:2 exclusion: 3 oklob plants


Innate Abilities, Weirdness & Mutations

You are resistant to damage.
You can heal yourself by infusing magical energy.
You resist negative energy. (rN+)
You passively map the area around you.
You do not regenerate.
You are partially covered in rugged brown scales. (AC +1, +3% HP)
Scrolls take you a little longer to read.
Armour fits poorly on your strangely shaped body.
You are frail. (-10% HP)
Your system is resistant to poisons. (rPois)


Message History

The slime creature is engulfed in flames!!
The acid blob hits your cacodemon!!!
Your cacodemon dies!
The acid blob spits acid at you.
The splash of acid hits you but does no damage.
You are splashed with acid.
You resist.
The enormous slime creature closely misses you.
Your blizzard demon is engulfed in freezing vapours.
Your blizzard demon closely misses the blizzard demon.
Your blizzard demon barely misses the blizzard demon.
The acid blob spits acid at you. The splash of acid misses you.
The splash of acid hits the slime creature!
The slime creature is splashed with acid.
The acid corrodes the slime creature!
The slime creature dies!
You block the acid blob's attack. The slime creature hits your balrug.
The acid blob hits you!
You are splashed with acid.
You resist. The blizzard demon hits you. You block the blizzard demon's attack.
Your balrug barely misses the slime creature.
The acid blob hits your balrug!!!
Your balrug is splashed with acid.
The acid corrodes your balrug!
You feel much better. You block the acid blob's attack.
An enormous slime creature splits.
Your blizzard demon is engulfed in freezing vapours.
Your blizzard demon hits the blizzard demon!
Your blizzard demon hits the blizzard demon but does no damage.
You block the acid blob's attack. The acid blob hits your balrug!
Your balrug dies!
The acid blob closely misses you.
The blizzard demon hits you but does no damage.
The blizzard demon hits you!
The acid blob quivers.
You slash the acid blob!
Your hands burn!
The acid blob is moderately wounded.
You slash the large slime creature!
Lightning courses through the large slime creature!
You catch the helpless large slime creature completely off-guard!
You slash the large slime creature!
Lightning courses through the large slime creature!
You slash the blizzard demon! You slice the acid blob!!
Your hands burn!
You hit the acid blob.
Your hands burn!
The acid blob hits you!
You are splashed with acid.
You resist. The acid blob closely misses you.
You block the large slime creature's attack.
Your blizzard demon hits the blizzard demon! x2
The eye of draining gazes at you.
You feel your power leaking away. The acid blob spits acid at you.
The splash of acid hits you! You resist. The acid corrodes you!
You are splashed with acid.
You resist.
You are too injured to fight recklessly!
You are too injured to fight recklessly!
You feel much better. You block the acid blob's attack. x2
Two slime creatures merge to form a very large slime creature.
The blizzard demon hits your blizzard demon. x2
The large slime creature barely misses you.
Your blizzard demon hits the blizzard demon!
Your blizzard demon barely misses the blizzard demon.
The acid blob spits acid at you.
The splash of acid hits you but does no damage.
You are splashed with acid!
You resist. The acid blob hits you!
You are splashed with acid.
You resist. The acid blob hits you!
* * * LOW HITPOINT WARNING * * *
The acid corrodes you!
You are splashed with acid.
You resist.
* * * LOW HITPOINT WARNING * * *
You block the very large slime creature's attack.
The blizzard demon waves its arms in wide circles.
The air twists around and violently strikes your blizzard demon in flight!!
Your blizzard demon dies!
The acid blob hits you but does no damage.
Two slime creatures merge to form a titanic slime creature.
The eye of draining gazes at you. The acid blob spits acid at you.
The splash of acid hits you. You resist.
* * * LOW HITPOINT WARNING * * *
You are splashed with acid!
You resist.
* * * LOW HITPOINT WARNING * * *
The blizzard demon shouts!
You block the great orb of eyes's attack.
Really read with blurry vision while enemies are nearby?
The sentinel's mark upon you fades away.
The blizzard demon waves its arms in wide circles.
The air twists around and strikes you!
* * * LOW HITPOINT WARNING * * *
The great orb of eyes barely misses you.
The acid blob spits acid at you. The splash of acid hits you. You resist.
* * * LOW HITPOINT WARNING * * *
You are splashed with acid!
You resist.
* * * LOW HITPOINT WARNING * * *
A titanic slime creature splits.
The acid blob hits you!
* * * LOW HITPOINT WARNING * * *
You are splashed with acid.
You resist.
* * * LOW HITPOINT WARNING * * *
You begin reading the scroll.
You continue reading the scroll.
The large slime creature quivers.
You block the acid blob's attack. The acid blob spits acid at you.
The splash of acid hits you but does no damage.
You are splashed with acid.
You resist.
You die...

, * , , ,,
............... , *
......#........,
......#.......#., *
*
,................,
* ,................
................ ,
* *
................ ,
* ,
.......@J....... ,
, ,,,, ,
#.....GJJG.....# ,
,, ,
,.......J2J......
,,
,........2.J....# ,
...<.......#...., ,
, ,
................ ,
, , ,
.......<........, ,
,
.....>..........,,
,
,................,,
,


You could see 4 acid blobs, a great orb of eyes, 2 blizzard demons, a very large
slime creature, a large slime creature (wandering) and an eye of draining.

Vanquished Creatures
  4 acid blobs
  2 azure jellies
  10 nagarajas
  A fire dragon (D:8)
  A merfolk javelineer (Shoals:4)
  A death ooze (Slime:1)
  A merfolk impaler (Shoals:4)
  A vault guard (D:14)
  2 great orbs of eyes
  A hydra (D:13)
  17 naga warriors
  A satyr (Shoals:3)
  5 anacondas
  2 merfolk aquamancers (Shoals:4)
  A two-headed ogre (shapeshifter) (D:15)
  3 two-headed ogres
  A death yak (D:11)
  A tengu warrior (D:15)
  2 orc high priests (Bailey)
  2 shock serpents
  13 naga sharpshooters
  Nergalle (Lair:3)
  2 salamander mystics
  2 unseen horrors
  2 sea snakes (Shoals:4)
  4 naga ritualists (Snake:4)
  An orc knight (Bailey)
  A harpy (Shoals:4)
  A wolf spider (D:15)
  3 deep elf magi
  3 ugly things (D:15)
  5 fauns (Shoals:3)
  A salamander (shapeshifter) (D:14)
  2 shining eyes
  10 salamanders
  3 merfolk sirens
  5 cyclopes
  7 guardian serpents
  7 manticores
  6 black mambas
  A guardian serpent (shapeshifter) (D:13)
  6 naga magi
  4 spiny frogs
  Maurice (D:13)
  2 centaur zombies
  3 gargoyles
  An eye of devastation (Slime:3)
  An efreet (D:14)
  3 kobold demonologists
  A freezing wraith (D:15)
  3 komodo dragons
  A harpy zombie (D:15)
  6 merfolk (Shoals:4)
  2 trolls
  3 polar bears
  6 meliai (D:15)
  2 wind drakes (Shoals:4)
  3 hornets
  24 slime creatures
  2 snapping turtles (Shoals:4)
  7 hippogriffs
  A shadow (D:14)
  Sigmund (D:3)
  A basilisk (D:15)
  2 wraiths (D:15)
  41 yaks
  2 wyverns
  2 hungry ghosts
  A human (D:7)
  4 hogs (D:7)
  A warg (D:11)
  37 nagas
  2 soldier ants
  3 acid dragons
  5 water moccasins
  5 porcupines
  4 ice beasts
  12 orc warriors
  A necrophage (D:9)
  3 eyes of draining
  A hornet zombie (D:6)
  2 black bears
  2 sky beasts
  8 ogres
  3 phantoms
  12 centaurs
  2 crocodiles
  17 bullfrogs
  2 big kobolds
  2 gnoll sergeants
  A wyvern zombie (D:12)
  2 wyvern skeletons
  7 scorpions
  A water moccasin skeleton (D:7)
  18 killer bees
  11 wights
  5 howler monkeys
  6 electric eels
  4 jellies
  8 crimson imps
  2 bullfrog zombies (D:5)
  11 orc priests
  A bullfrog skeleton (D:8)
  17 orc wizards
  3 hounds
  7 centaur skeletons
  2 iguanas
  9 worker ants
  A bullfrog simulacrum (D:11)
  A hound zombie (D:6)
  A worker ant zombie (D:8)
  15 gnolls
  7 adders
  2 shadow imps
  5 white imps (D:11)
  A howler monkey simulacrum (D:11)
  4 ufetubi (D:11)
  3 oozes
  An adder zombie (D:5)
  A worm (D:5)
  2 dart slugs (D:1)
  5 leopard geckos
  36 orcs
  5 giant cockroaches
  16 goblins
  10 hobgoblins
  6 jackals
  4 quokkas
  A ball python (D:3)
  8 bats
  5 frilled lizards
  11 kobolds
  A leopard gecko zombie (D:6)
  2 quokka skeletons
  A quokka zombie (D:6)
  3 rats
  3 fungi
  6 plants
681 creatures vanquished.

Vanquished Creatures (collateral kills)
  An azure jelly (Slime:1)
  6 nagarajas (Snake:4)
  A merfolk javelineer (Shoals:4)
  A great orb of eyes (Slime:4)
  2 merfolk impalers (Shoals:4)
  A merfolk avatar (Shoals:4)
  A hydra (D:15)
  4 naga warriors (Snake:4)
  5 naga sharpshooters (Snake:4)
  A naga ritualist (Snake:4)
  2 shining eyes
  A black mamba (Snake:4)
  A merfolk siren (Shoals:4)
  A naga mage (Snake:4)
  5 slime creatures (Slime:4)
  20 nagas (Snake:4)
53 creatures vanquished.

Vanquished Creatures (others)
  A merfolk siren (Shoals:4)
  A slime creature (Slime:4)
  A fungus (D:13)
  3 plants
6 creatures vanquished.

Grand Total: 740 creatures vanquished

Notes
Turn   | Place    | Note
-------+----------+-------------------------------------------
     0 | D:1      | EnegeticOcto the Deep Dwarf Fighter began the quest for the
                  | Orb.
     0 | D:1      | Reached XP level 1. HP: 20/20 MP: 1/1
    56 | D:1      | Reached XP level 2. HP: 20/27 MP: 2/2
   312 | D:1      | Reached XP level 3. HP: 20/34 MP: 3/3
   421 | D:3      | Noticed Sigmund
   445 | D:3      | Killed Sigmund
   445 | D:3      | Reached XP level 4. HP: 29/44 MP: 3/3
   445 | D:3      | Reached XP level 5. HP: 33/50 MP: 4/4
   947 | D:4      | Noticed an ogre
   957 | D:4      | Killed an ogre
   957 | D:4      | Reached XP level 6. HP: 50/57 MP: 4/4
  1305 | D:4      | Reached skill level 5 in Axes
  1462 | D:5      | Entered Level 5 of the Dungeon
  1471 | D:5      | Reached XP level 7. HP: 48/66 MP: 4/4
  1675 | D:5      | Reached skill level 5 in Fighting
  1801 | D:5      | Found a white marble altar of Elyvilon.
  1881 | D:5      | Reached skill level 5 in Armour
  1881 | D:5      | Reached skill level 5 in Shields
  2469 | D:6      | Reached XP level 8. HP: 65/75 MP: 4/4
  2497 | D:6      | Gained mutation: Your system is resistant to poisons.
                  | (rPois) [potion of mutation]
  2497 | D:6      | Gained mutation: You are partially covered in rugged brown
                  | scales. (AC +1, +3% HP) [potion of mutation]
  2541 | D:6      | Found a bloodstained altar of Trog.
  2541 | D:6      | Noticed an oklob plant
  3170 | D:7      | Gained mutation: You passively map the area around you.
                  | [Deep Dwarf growth]
  3170 | D:7      | Reached XP level 9. HP: 38/87 MP: 4/4
  3296 | D:7      | Found a staircase to the Ecumenical Temple.
  3307 | Temple   | Entered the Ecumenical Temple
  3426 | Temple   | Became a worshipper of Makhleb the Destroyer
  3558 | D:7      | Reached skill level 1 in Invocations
  3780 | D:7      | Reached skill level 2 in Invocations
  3791 | D:7      | Reached skill level 3 in Invocations
  3877 | D:8      | Reached skill level 4 in Invocations
  3971 | D:8      | Reached * piety under Makhleb
  4004 | D:8      | Noticed a fire dragon
  4022 | D:8      | Reached XP level 10. HP: 77/98 MP: 6/6
  4027 | D:8      | Killed a fire dragon
  4027 | D:8      | Reached skill level 5 in Invocations
  4142 | D:8      | Found a staircase to the Lair.
  4195 | D:8      | Reached skill level 6 in Invocations
  4200 | D:8      | Found a flagged portal.
  4219 | Bailey   | Entered a bailey
  4246 | Bailey   | Reached ** piety under Makhleb
  4262 | Bailey   | Found an iron altar of Okawaru.
  4262 | Bailey   | Noticed an orc high priest
  4273 | Bailey   | Noticed a smoke demon
  4277 | Bailey   | Paralysed by a chaos spawn for 2 turns
  4279 | Bailey   | Killed an orc high priest
  4313 | Bailey   | Noticed an orc high priest
  4320 | Bailey   | Noticed a sixfirhy
  4337 | Bailey   | Killed an orc high priest
  4337 | Bailey   | Reached skill level 10 in Axes
  4337 | Bailey   | Reached skill level 7 in Invocations
  4362 | Bailey   | Identified the +4 ring mail "Kylom" {rPois Slay+2 Stlth+}
  4649 | Bailey   | Noticed an orc knight
  4674 | Bailey   | Killed an orc knight
  4680 | Bailey   | Identified a +1 pair of boots of running (You acquired it
                  | in a bailey)
  4707 | Bailey   | Reached XP level 11. HP: 92/109 MP: 5/5
  4814 | D:8      | Reached *** piety under Makhleb
  5277 | D:9      | Reached skill level 8 in Invocations
  6354 | D:10     | Entered Level 10 of the Dungeon
  6419 | D:10     | Reached **** piety under Makhleb
  6513 | D:10     | Reached skill level 9 in Invocations
  6714 | D:10     | Identified the +1 pair of boots "Irghaon" {rPois rN+ rCorr}
                  | (You acquired it on level 10 of the Dungeon)
  6714 | D:10     | Identified the ring of the Mutiny {+Blink +Inv rN+ MR+
                  | Stlth-} (You acquired it on level 10 of the Dungeon)
  6778 | D:11     | Found a staircase to the Orcish Mines.
  6786 | D:11     | Noticed a two-headed ogre
  6795 | D:11     | Killed a two-headed ogre
  6803 | D:11     | Noticed a death yak
  6813 | D:11     | Killed a death yak
  6999 | D:11     | Reached skill level 10 in Fighting
  7111 | D:11     | Reached skill level 10 in Invocations
  7146 | D:11     | Reached ***** piety under Makhleb
  7200 | D:11     | Reached XP level 12. HP: 119/119 MP: 8/8
  7656 | D:12     | Identified the +5 chain mail of Liff {+Inv rPois Regen+}
                  | (You found it on level 12 of the Dungeon)
  7781 | Lair:1   | Entered Level 1 of the Lair of Beasts
  8265 | Lair:2   | Found a staircase to the Shoals.
  8286 | Lair:2   | Reached skill level 11 in Invocations
  8520 | Lair:3   | Noticed Nergalle
  8527 | Lair:3   | Killed Nergalle
  8695 | Lair:3   | Found a staircase to the Snake Pit.
  9218 | Lair:5   | Found a runed translucent door.
  9219 | Lair:5   | Found a viscous altar of Jiyva.
  9219 | Lair:5   | Noticed an acid blob
  9220 | Lair:5   | Noticed an acid blob
  9220 | Lair:5   | Noticed an acid blob
  9221 | Lair:5   | Found a staircase to the Slime Pits.
  9591 | D:12     | Noticed a two-headed ogre
  9605 | D:12     | Killed a two-headed ogre
  9848 | D:13     | Reached skill level 12 in Invocations
  9897 | D:13     | Reached XP level 13. HP: 123/130 MP: 11/11
  9916 | D:13     | Found Dusegafi's General Store.
 10187 | D:13     | Found Sion's Assorted Antiques.
 10198 | D:13     | Noticed Maurice
 10211 | D:13     | Killed Maurice
 10403 | D:14     | Reached ****** piety under Makhleb
 10451 | D:14     | Reached skill level 10 in Shields
 10495 | D:14     | Reached skill level 10 in Armour
 10732 | D:14     | Reached skill level 13 in Invocations
 10752 | D:14     | Found a gate to the Vaults.
 10850 | D:15     | Entered Level 15 of the Dungeon
 10877 | D:15     | Identified the +0 pair of gloves of the Bulwark {Str+4
                  | SInv} (You acquired it on level 15 of the Dungeon)
 11240 | D:15     | Found a staircase to the Depths.
 11247 | D:15     | Gained mutation: You resist negative energy. (rN+) [Deep
                  | Dwarf growth]
 11247 | D:15     | Reached XP level 14. HP: 103/142 MP: 12/12
 11561 | Shoals:1 | Entered Level 1 of the Shoals
 11594 | Shoals:2 | Found Woojout's Jewellery Shop.
 11652 | Shoals:3 | Found Cykuf's Food Shop.
 11680 | Shoals:4 | Entered Level 4 of the Shoals
 11704 | Shoals:4 | Reached skill level 14 in Invocations
 11918 | Shoals:4 | Got a barnacled rune of Zot
 11952 | Shoals:4 | Found a sacrificial altar of Ru.
 12130 | Snake:1  | Entered Level 1 of the Snake Pit
 12327 | Snake:1  | Found Moeheih's Assorted Antiques.
 12343 | Snake:1  | Bought a potion of invisibility for 264 gold pieces
 12343 | Snake:1  | Bought a potion of resistance for 330 gold pieces
 12343 | Snake:1  | Bought a potion of might for 132 gold pieces
 12453 | Snake:2  | Reached skill level 15 in Invocations
 12560 | Snake:2  | Noticed a nagaraja
 12571 | Snake:2  | Killed a nagaraja
 12571 | Snake:2  | Reached skill level 15 in Axes
 12571 | Snake:2  | Reached XP level 15. HP: 111/150 MP: 13/13
 12890 | Snake:4  | Entered Level 4 of the Snake Pit
 12919 | Snake:4  | Noticed a nagaraja
 12938 | Snake:4  | Killed a nagaraja
 12942 | Snake:4  | Found Qomooggi's Jewellery Shop.
 12943 | Snake:4  | Found Befi's Gadget Emporium.
 12944 | Snake:4  | Found Zexocabyef's Jewellery Shop.
 12944 | Snake:4  | Noticed a nagaraja
 12962 | Snake:4  | Killed a nagaraja
 13055 | Snake:4  | Noticed a nagaraja
 13056 | Snake:4  | Noticed a nagaraja
 13064 | Snake:4  | Noticed a nagaraja
 13069 | Snake:4  | Killed a nagaraja
 13070 | Snake:4  | Killed a nagaraja
 13078 | Snake:4  | Killed a nagaraja
 13099 | Snake:4  | Noticed a nagaraja
 13108 | Snake:4  | Killed a nagaraja
 13108 | Snake:4  | Reached skill level 16 in Invocations
 13109 | Snake:4  | Noticed a nagaraja
 13115 | Snake:4  | Killed a nagaraja
 13127 | Snake:4  | Noticed a nagaraja
 13135 | Snake:4  | Killed a nagaraja
 13224 | Snake:4  | Noticed a nagaraja
 13225 | Snake:4  | Noticed a nagaraja
 13237 | Snake:4  | Killed a nagaraja
 13238 | Snake:4  | Killed a nagaraja
 13314 | Snake:4  | Noticed a nagaraja
 13329 | Snake:4  | Reached XP level 16. HP: 136/162 MP: 11/11
 13482 | Snake:4  | Reached skill level 17 in Invocations
 13489 | Snake:4  | Got a serpentine rune of Zot
 13833 | Lair:5   | Killed an acid blob
 13841 | Lair:5   | Killed an acid blob
 13847 | Lair:5   | Killed an acid blob
 13863 | Slime:1  | Entered Level 1 of the Pits of Slime
 13912 | Slime:2  | Noticed an acid blob
 13943 | Slime:2  | Killed an acid blob
 13982 | Slime:3  | Gained mutation: Scrolls take you a little longer to read.
                  | [a shining eye]
 13987 | Slime:3  | Gained mutation: Armour fits poorly on your strangely
                  | shaped body. [a shining eye]
 13990 | Slime:3  | Gained mutation: You are frail. (-10% HP) [a shining eye]
 14018 | Slime:4  | Noticed an acid blob
 14021 | Slime:4  | Noticed an acid blob
 14026 | Slime:4  | Noticed an acid blob
 14027 | Slime:4  | Noticed an acid blob
 14043 | Slime:4  | HP: 4/148 [acid blob (7)]
 14043 | Slime:4  | HP: 1/148 [acid (3)]
 14044 | Slime:4  | Splashed by an acid blob's acid

Levels and vault maps discovered:
D:1:      lightli_iron_boxes, layout_basic, minmay_tall_x
D:2:      layout_basic, first_ration, kennysheep_generic_room_2, uniq_terence
D:3:      layout_loops_corners, uniq_sigmund
D:4:      layout_basic
D:5:      layout_loops_corners, elyvilon_altar_4, minivault_23
D:6:      layout_gridville, lemuel_oklob_altar
D:7:      layout_rooms, minmay_temple_entry_offerings, grunt_livestock,
          minmay_holes
D:8:      layout_gridville, minmay_lair_entry_lava, enter_bailey_1, st_stairs_8
D:9:      layout_grid_maze
D:10:     layout_cave_pools, chequers_serial_rivers_micro_d
D:11:     layout_gridville, david_orc_3, serial_ice, serial_ice_a, serial_ice_m,
          serial_ice_o, serial_ice_f, serial_ice_j, serial_ice_c, serial_ice_e
D:12:     layout_basic, grunt_ministairs_3, nemelex_altar_shiori
D:13:     minmay_separated_statues, layout_loops_ring, serial_shops,
          nicolae_shop_statue_plus, nicolae_shop_stone, fungi_pond_lemuel,
          uniq_maurice
D:14:     layout_cave_pools, david_vaults_5, enter_trove_1,
          serial_bayou_shore_b, minmay_splitting_lines
D:15:     hangedman_depths_entry_try_elsewhere_first, layout_cross,
          palyth_stone_intersect, minivault_19
Temple:   kilobyte_greek_temple
Lair:1:   layout_chaotic_city, uniq_fannar
Lair:2:   layout_long_grid, minmay_shoals_entry_centaurs, minivault_19,
          disabler_island, infiniplex_staircase_pool
Lair:3:   layout_gridlike, minmay_snake_entry_spellcaster, uniq_nergalle,
          uniq_gastronok
Lair:4:   layout_misc_corridors, ebering_ghost_inner_flame,
          grunt_forest_small_clearings, forest_entry_grove,
          minmay_lair_oklob_chamber
Lair:5:   layout_gridlike, slime_altar_2
Shoals:1: layout_shoals
Shoals:2: layout_shoals, serial_shops, shop, nicolae_shoals_this_corrosion,
          uniq_polyphemus
Shoals:3: layout_shoals, ebering_ghost_gozag, serial_shops, nicolae_shop_trees
Shoals:4: shoals_end_simple, layout_shoals, shoals_ilsuiw_alternative,
          lemuel_altar_in_water
Snake:1:  layout_rooms, serial_shops, nicolae_shop_trees,
          hangedman_feature_mirror
Snake:2:  layout_grid_shapes
Snake:3:  layout_cave_pods, serial_shops, shop, grunt_megastairs_2
Snake:4:  grunt_snake_rune_spirals, layout_onion, minmay_shop_grove
Slime:1:  layout_caves
Slime:2:  layout_caves
Slime:3:  layout_caves
Slime:4:  layout_caves

Skill      XL: |  1  2  3  4  5  6  7  8  9 10 11 12 13 14 15 16 |
---------------+-------------------------------------------------+-----
Fighting       | 3 4 5 6 7 9 10 11 12 13 14 | 14.5
Axes           | 4 5 6 7 9 10 11 12 13 15 16 | 16.8
Armour         | 4 5 6 7 8 9 10 11 12 | 12.5
Shields        | 4 5 6 7 8 9 10 11 12 | 12.5
Invocations    | 4 7 10 12 13 15 16 17 | 17.6

Action                   |  1- 3 |  4- 6 |  7- 9 | 10-12 | 13-15 | 16-18 || total
-------------------------+-------+-------+-------+-------+-------+-------++-------
Melee: War axe           |   101 |   128 |   463 |   186 |       |       ||   878
       Broad axe         |       |       |       |   460 |   825 |   187 ||  1472
Invok: Lesser Servant of |       |       |       |       |     3 |     3 ||     6
       Greater Servant o |       |       |       |       |     5 |    10 ||    15
 Abil: Heal Wounds       |     2 |     6 |    16 |    24 |    34 |    15 ||    97
Evoke: Wand              |       |       |       |       |     3 |       ||     3
  Use: Scroll            |       |       |    15 |    12 |    11 |     1 ||    39
       Potion            |       |       |     2 |       |     4 |     2 ||     8
 Stab: Sleeping          |       |       |       |     3 |       |       ||     3
       Distracted        |       |       |       |       |     4 |       ||     4
       Invisible         |       |       |       |       |       |     1 ||     1
  Eat: Chunk             |       |     2 |     6 |    20 |    14 |       ||    42
       Ration            |       |       |     1 |       |       |     4 ||     5
Armor: Scale mail        |    49 |    50 |       |       |       |       ||    99
       Chain mail        |       |     5 |   283 |   218 |   529 |   139 ||  1174
       Ring mail         |       |       |       |   129 |       |       ||   129
Dodge: Dodged            |    37 |    48 |   105 |   207 |   229 |    43 ||   669
Block: Kite shield       |    49 |    70 |   241 |   413 |   722 |   171 ||  1666

Table legend:
 A = Non-vault XP
 B = Vault XP
 C = Vault XP percentage of total XP
 D = Non-vault monster count
 E = Vault monster count
 F = Vault count percentage of total count
                 A         B        C        D         E       F
            +---------+---------+-------+---------+---------+-------
      Total |  116444 |   86005 |  42.5 |     516 |     211 |  29.0
            +---------+---------+-------+---------+---------+-------
        D:1 |      36 |       7 |  16.3 |      19 |       4 |  17.4
        D:2 |       5 |       2 |  28.6 |       2 |       1 |  33.3
        D:3 |      57 |     212 |  78.8 |      16 |       1 |   5.9
        D:4 |     374 |       0 |   0.0 |       9 |       0 |   0.0
        D:5 |     710 |       0 |   0.0 |      26 |       0 |   0.0
        D:6 |    1168 |       0 |   0.0 |      27 |       0 |   0.0
        D:7 |     982 |     950 |  49.2 |      22 |       5 |  18.5
        D:8 |    2392 |    1244 |  34.2 |      46 |       2 |   4.2
        D:9 |    2308 |       0 |   0.0 |      23 |       0 |   0.0
       D:10 |    2288 |       0 |   0.0 |      18 |       0 |   0.0
       D:11 |    3500 |    2506 |  41.7 |      29 |      22 |  43.1
       D:12 |    3569 |    1249 |  25.9 |      21 |       5 |  19.2
       D:13 |    7500 |     449 |   5.6 |      38 |       1 |   2.6
       D:14 |    6807 |    2228 |  24.7 |      29 |       5 |  14.7
       D:15 |   10037 |    2140 |  17.6 |      30 |       4 |  11.8
     Lair:1 |    2783 |       0 |   0.0 |      14 |       0 |   0.0
     Lair:2 |    3130 |     337 |   9.7 |      12 |       3 |  20.0
     Lair:3 |       0 |    1270 | 100.0 |       0 |       2 | 100.0
     Lair:4 |     823 |       0 |   0.0 |       4 |       0 |   0.0
     Lair:5 |    1708 |    7369 |  81.2 |       8 |       3 |  27.3
   Shoals:2 |     541 |       0 |   0.0 |       1 |       0 |   0.0
   Shoals:3 |    4130 |       0 |   0.0 |       7 |       0 |   0.0
   Shoals:4 |    3359 |   12178 |  78.4 |       9 |      22 |  71.0
    Snake:1 |   11209 |       0 |   0.0 |      22 |       0 |   0.0
    Snake:2 |    5725 |       0 |   0.0 |       7 |       0 |   0.0
    Snake:3 |   11409 |       0 |   0.0 |      21 |       0 |   0.0
    Snake:4 |    9072 |   50257 |  84.7 |      14 |      89 |  86.4
    Slime:1 |    8303 |       0 |   0.0 |      15 |       0 |   0.0
    Slime:2 |    5208 |       0 |   0.0 |       6 |       0 |   0.0
    Slime:3 |    4387 |       0 |   0.0 |      12 |       0 |   0.0
    Slime:4 |    2924 |       0 |   0.0 |       9 |       0 |   0.0
     Bailey |       0 |    3607 | 100.0 |       0 |      42 | 100.0
            +---------+---------+-------+---------+---------+-------
